 Dungeon Crawl Stone Soup version 0.25-a0-589-g1e14c549ee (webtiles) character file.

Game seed: 4178568222878368809, levelgen mode: deterministic

7905 Lugonue the Tainter (level 11, -6/66 (67) HPs)
             Began as an Octopode Venom Mage on Mar 11, 2020.
             Was an Elder of Sif Muna.
             Mangled by a hornet (12 damage)
             ... while paralysed by a hornet
             ... on level 9 of the Dungeon.
             The game lasted 00:24:01 (10603 turns).

Lugonue the Tainter (Octopode Venom Mage)          Turns: 10603, Time: 00:24:02

HP:   -6/66 (67)    AC:  5    Str:  7    XL:     11   Next: 22%
MP:   19/23         EV:  2    Int: 21    God:    Sif Muna [****..]
Gold: 302           SH:  0    Dex: 13    Spells: 8/26 levels left

rFire    . . .     SeeInvis .   b - +2 short sword (flame)
rCold    . . .     Gourm    +   r - +2 kite shield
rNeg     . . .     Faith    .   (helmet restricted)
rPois    .         Spirit   .   g - amulet of the gourmand
rElec    .         Reflect  .   f - +4 ring of protection
rCorr    .         Harm     .   p - ring of wizardry
MR       .....                  (no ring)
Stlth    ++++......             (no ring)
HPRegen  0.21/turn              (no ring)
MPRegen  0.18/turn              (no ring)
                                (no ring)
                                (no ring)

@: paralysed, lethally poisoned (-6 -> -28), slowed
A: almost no armour, stealthy swim, amphibious, 8 rings, constrict 8, camouflage
1, gelatinous body 1
a: Channel Magic, Forget Spell, Divine Exegesis, Renounce Religion


You were on level 9 of the Dungeon.
You worshipped Sif Muna.
Sif Muna was greatly pleased with you.
You were completely stuffed.

You visited 2 branches of the dungeon, and saw 10 of its levels.

You collected 362 gold pieces.
You spent 60 gold pieces at shops.

Inventory:

Hand Weapons
 a - a +1 dagger of venom
 b - a +2 short sword of flaming (weapon)
Missiles
 m - 16 boomerangs (quivered)
 o - 8 javelins
 u - 5 boomerangs of dispersal
Armour
 r - a +2 kite shield (worn)
 t - a +0 kite shield
Magical Staves
 w - an uncursed staff of air
Jewellery
 f - a +4 ring of protection (left tentacle)
 g - an amulet of the gourmand (around mantle)
 l - an uncursed ring of ice
 p - a ring of wizardry (right tentacle)
Wands
 q - a wand of clouds (6)
Scrolls
 e - 9 scrolls of teleportation
 x - 2 scrolls of identify
 y - a scroll of remove curse
Potions
 c - 3 potions of resistance
 d - a potion of brilliance
 h - 3 potions of curing
 j - a potion of haste {unknown}
 k - 2 potions of stabbing
 n - 3 potions of heal wounds
 v - 2 potions of ambrosia {unknown}
 z - a potion of magic {unknown}
Miscellaneous
 s - a fan of gales
Comestibles
 i - 10 rations
 A - a chunk of flesh


   Skills:
 - Level 3.0 Fighting
 - Level 4.3 Short Blades
 - Level 1.5 Throwing
 - Level 4.0 Dodging
 - Level 7.0 Stealth
 + Level 4.7 Shields
 - Level 1.2 Unarmed Combat
 - Level 8.0 Spellcasting
 - Level 0.6 Conjurations
 - Level 4.4 Transmutations
 - Level 3.5 Fire Magic
 - Level 5.3 Air Magic
 - Level 9.8 Poison Magic


You had 8 spell levels left.
You knew the following spells:

 Your Spells              Type           Power        Failure   Level  Hunger
a - Sting                 Tmut/Pois      ####         1%          1    None
b - Poisonous Vapours     Pois/Air       #####.       1%          2    None
c - Olgreb's Toxic Radia  Pois           #####...     2%          4    ###....
d - Ignite Poison         Fire/Tmut/Pois ####....     3%          3    None
e - Mephitic Cloud        Conj/Pois/Air  ####....     4%          3    None
f - Passwall              Tmut/Erth      ###.....     8%          2    None
g - Stone Arrow           Conj/Erth      #.....       30%         3    None

Your spell library contained the following spells:

 Spells                   Type           Power        Failure   Level  Hunger
 Sandblast                Erth           #.....       12%         1    None
 Petrify                  Tmut/Erth      ###.....     43%         4    ###....
 Lee's Rapid Deconstruct  Erth           #.........   96%         5    #####..


Dungeon Overview and Level Annotations

Branches:
Dungeon (9/15)             Temple (1/1) D:4            Lair (0/6) D:9
    Orc (0/2) D:9

Altars:
Ashenzari
Cheibriados
Dithmenos
Elyvilon
Fedhas
Gozag
Hepliaklqana
Kikubaaqudgha
Makhleb
Nemelex Xobeh
Okawaru
Qazlal
Ru
Sif Muna
Trog
Uskayaw
Vehumet
Wu Jian
Xom
Yredelemnul
Zin
The Shining One

Shops:
D:5 (   D:7 ?   D:8 (

Annotations:
D:6 2 runed translucent doors
D:7 3 runed translucent doors, Gruesome's ghost, novice TrMo


Innate Abilities, Weirdness & Mutations

You cannot wear most types of armour.
You are very stealthy in the water. (Stealth+)
You are amphibious.
You can wear up to eight rings at the same time.
You can use your tentacles to constrict eight enemies at once.
Your skin changes colour to match your surroundings (Stealth+).
Your rubbery body absorbs attacks. (AC +1, EV +1)


Message History

Casting: Sting (safe; 1% risk of failure)
Confirm with . or Enter, or press ? or * to list all spells.
You begin to radiate toxic energy.
The hornet is poisoned. x2
The hornet looks even sicker. x2; You feel sick.
The hornet stings you!
You are more poisoned.
You feel as though you will be slow longer.
You block the hornet's attack. The hornet barely misses you.
The hornet completely misses you.
Your toxic aura wanes.
You feel sick. The hornet stings you!
You are more poisoned.
You suddenly lose the ability to move!
The hornet stings you.
You shrug off the repeated paralysis!
The hornet stings you.
* * * LOW HITPOINT WARNING * * *
You feel as though you will be slow longer.
The hornet stings you!
* * * LOW HITPOINT WARNING * * *
You feel as though you will be slow longer.
The hornet stings you!
You die...

##...##.....................
#...............#####.......
###............#.#####......
##..............#.####.....
#......(......#...#.#......
#.....#######.#.#..........
##..#####.#.##.###..........
#...# #y#................
###.# #@##.............. ###
#.#y#......).(....#
######....>.([)...#
........##.....)..#
...#....##.........
#........#.......
...........#.......
......)............
................##.


You could see 2 hornets.

Vanquished Creatures
  Erica (D:9)
  2 two-headed ogres
  A cyclops (D:6)
  A hungry ghost (D:8)
  6 yaks (D:9)
  A steam dragon (D:8)
  A water moccasin (D:8)
  3 sky beasts
  5 ice beasts
  6 orc warriors
  A phantom (D:7)
  A necrophage (D:9)
  An eye of draining (D:9)
  5 ogres
  6 centaurs
  2 big kobolds
  3 bullfrogs
  3 scorpions
  5 killer bees (D:9)
  A crimson imp (D:6)
  A howler monkey (D:4)
  A quasit (D:3)
  2 jellies
  4 hounds
  7 orc priests
  A gnoll shaman (D:7)
  Terence (D:3)
  An iguana (D:6)
  5 orc wizards
  8 worker ants
  A killer bee zombie (D:6)
  3 hound zombies
  2 hound skeletons
  2 worker ant zombies
  5 adders
  5 gnolls (D:7)
  A shadow imp (D:6)
  3 adder zombies
  2 worms
  2 dart slugs
  2 leopard geckos
  39 orcs
  6 giant cockroaches
  9 goblins
  7 hobgoblins
  12 jackals
  3 quokkas
  3 ball pythons
  A ball python skeleton (D:5)
  6 bats
  2 frilled lizards
  A jackal skeleton (D:6)
  A jackal zombie (D:5)
  16 kobolds
  A leopard gecko skeleton (D:6)
  A leopard gecko zombie (D:5)
  6 rats
228 creatures vanquished.

Vanquished Creatures (others)
  2 fungi (D:9)
2 creatures vanquished.

Grand Total: 230 creatures vanquished

Notes
Turn   | Place    | Note
-------+----------+-------------------------------------------
     0 | D:1      | Lugonue the Octopode Venom Mage began the quest for the
                  | Orb.
     0 | D:1      | Reached XP level 1. HP: 11/11 MP: 3/3
    74 | D:1      | Reached XP level 2. HP: 15/17 MP: 3/5
    76 | D:1      | Reached skill level 4 in Poison Magic
   664 | D:1      | Reached XP level 3. HP: 17/21 MP: 3/6
   732 | D:1      | Learned a level 2 spell: Poisonous Vapours
  1527 | D:2      | Reached skill level 1 in Unarmed Combat
  1792 | D:3      | Reached XP level 4. HP: 27/27 MP: 2/7
  2005 | D:3      | Learned a level 3 spell: Ignite Poison
  2179 | D:3      | Noticed Terence
  2184 | D:3      | Killed Terence
  2184 | D:3      | Reached skill level 1 in Fighting
  2184 | D:3      | Reached XP level 5. HP: 33/33 MP: 1/8
  2493 | D:3      | Reached skill level 1 in Air Magic
  2857 | D:3      | Reached skill level 1 in Short Blades
  3049 | D:4      | Found a staircase to the Ecumenical Temple.
  3067 | Temple   | Entered the Ecumenical Temple
  3185 | Temple   | Became a worshipper of Sif Muna the Loreminder
  3198 | D:4      | Reached XP level 6. HP: 38/38 MP: 6/9
  3207 | D:4      | Learned a level 4 spell: Olgreb's Toxic Radiance
  3395 | D:4      | Reached skill level 5 in Stealth
  3733 | D:4      | Reached XP level 7. HP: 40/44 MP: 9/11
  3783 | D:4      | Found a stormy altar of Qazlal.
  4030 | D:4      | Found a shadowy altar of Dithmenos.
  4035 | D:4      | Found a blossoming altar of Fedhas.
  4038 | D:4      | Reached skill level 5 in Poison Magic
  4045 | D:4      | Found a burning altar of Makhleb.
  4120 | D:5      | Entered Level 5 of the Dungeon
  4381 | D:5      | Found Kovasuw's Antique Weapon Emporium.
  4567 | D:5      | Reached * piety under Sif Muna
  4631 | D:5      | Found an ancient bone altar of Kikubaaqudgha.
  5144 | D:6      | Reached skill level 1 in Fire Magic
  5144 | D:6      | Reached XP level 8. HP: 37/50 MP: 2/13
  5602 | D:6      | Reached skill level 6 in Poison Magic
  5758 | D:6      | Found a large runed translucent door.
  5758 | D:6      | Found a large runed translucent door.
  5760 | D:6      | Noticed a cyclops
  5769 | D:6      | Found a large runed translucent door.
  5769 | D:6      | Found a large runed translucent door.
  5817 | D:6      | Learned a level 3 spell: Mephitic Cloud
  5820 | D:6      | Reached skill level 1 in Throwing
  6322 | D:6      | Reached ** piety under Sif Muna
  6322 | D:6      | Reached XP level 9. HP: 32/55 MP: 11/16
  6656 | D:7      | Found a runed translucent gate.
  6656 | D:7      | Found a runed translucent gate.
  6656 | D:7      | Found a runed translucent gate.
  6656 | D:7      | Noticed Gruesome's ghost (novice TrMo)
  6743 | D:6      | Killed a cyclops
  6743 | D:6      | Reached skill level 5 in Spellcasting
  6836 | D:7      | Reached skill level 7 in Poison Magic
  7672 | D:7      | Found Ywyfycig's Magic Scroll Boutique.
  7679 | D:7      | Bought a scroll of teleportation for 30 gold pieces
  7679 | D:7      | Bought a scroll of teleportation for 30 gold pieces
  8519 | D:8      | Noticed a two-headed ogre
  8526 | D:8      | Killed a two-headed ogre
  8526 | D:8      | Reached skill level 8 in Poison Magic
  8526 | D:8      | Reached XP level 10. HP: 62/62 MP: 1/20
  8776 | D:8      | Found Ceeterot's Antique Weapon Emporium.
  8907 | D:8      | Found a hazy altar of Hepliaklqana.
  9330 | D:8      | Reached *** piety under Sif Muna
  9621 | D:9      | Noticed a two-headed ogre
  9626 | D:9      | Killed a two-headed ogre
  9626 | D:9      | Reached skill level 5 in Air Magic
  9626 | D:9      | Reached skill level 9 in Poison Magic
  9869 | D:9      | Found a staircase to the Orcish Mines.
  9871 | D:9      | Noticed Erica
  9879 | D:9      | Killed Erica
  9879 | D:9      | Reached XP level 11. HP: 65/67 MP: 1/23
 10028 | D:9      | Reached skill level 1 in Shields
 10217 | D:9      | Reached **** piety under Sif Muna
 10485 | D:9      | Found a staircase to the Lair.
 10556 | D:9      | Learned a level 2 spell: Passwall
 10560 | D:9      | Learned a level 3 spell: Stone Arrow
 10603 | D:9      | Paralysed by a hornet for 3 turns
 10603 | D:9      | Mangled by a hornet

Levels and vault maps discovered:
D:1:      lightli_arrival_statuegarden, layout_loops_ring
D:2:      layout_loops_corners, first_ration
D:3:      kennysheep_six_static_rooms, layout_basic, uniq_terence
D:4:      layout_rooms, minmay_overflow_temple_star_quad,
          minmay_temple_entry_enclosed_plants, grunt_qazlal_clouds
D:5:      layout_gridville, serial_shops, shop, basic_altar,
          chequers_serial_rivers_micro_c
D:6:      layout_loops_ring, st_stairs_1, minmay_hollow_rounded_squares
D:7:      layout_layer_cave, serial_shops,
          nicolae_shop_temple_entry_statues_fountains,
          ebering_ghost_rock_garden, grunt_decor_arrowhead
D:8:      layout_loops_cross, old_standard_altar, serial_shops,
          nicolae_shop_overgrown_old_shop
D:9:      layout_cave_pools, dpeg_oklobed_lair, david_orc_2,
          hangedman_pestilent_swarm, uniq_erica
Temple:   compressed_dpeg_circular_temple

Skill      XL: |  1  2  3  4  5  6  7  8  9 10 11 |
---------------+----------------------------------+-----
Stealth        | 3 4 5 6 7 |  7.0
Poison Magic   | 4 5 6 8 9 |  9.8
Unarmed Combat | 1 |  1.2
Fighting       | 1 2 3 |  3.0
Air Magic      | 1 2 4 5 |  5.3
Short Blades   | 1 2 3 4 |  4.3
Dodging        | 3 4 |  4.0
Spellcasting   | 3 4 6 8 |  8.0
Fire Magic     | 1 2 3 |  3.5
Transmutations | 2 3 4 |  4.4
Throwing       | 1 |  1.5
Shields        | 4 |  4.7
Conjurations   | |  0.6

Action                   |  1- 3 |  4- 6 |  7- 9 | 10-12 || total
-------------------------+-------+-------+-------+-------++-------
Melee: Unarmed           |    74 |       |       |       ||    74
       Constrict         |    23 |    22 |    25 |    15 ||    85
       Tentacles         |     9 |    10 |    15 |    14 ||    48
       Short sword       |     5 |    86 |    48 |    16 ||   155
       Punch             |       |     1 |       |       ||     1
       Dagger            |       |       |    48 |    51 ||    99
Throw: Javelin           |     7 |     7 |       |       ||    14
       Boomerang         |       |       |     3 |       ||     3
       Throwing net      |       |       |     1 |       ||     1
 Cast: Sting             |    12 |    10 |    19 |     8 ||    49
       Poisonous Vapours |     5 |     8 |    36 |    17 ||    66
       Ignite Poison     |       |     3 |    22 |    17 ||    42
       Olgreb's Toxic Ra |       |     3 |     9 |    13 ||    25
       Mephitic Cloud    |       |       |     2 |       ||     2
  Use: Scroll            |       |     4 |     6 |     3 ||    13
       Potion            |       |       |     2 |       ||     2
 Stab: Sleeping          |    12 |     6 |     9 |     6 ||    33
       Held in net/web   |       |       |     1 |       ||     1
  Eat: Chunk             |     3 |     5 |    26 |    10 ||    44
       Ration            |       |     1 |     2 |       ||     3
Armor: Skin              |    10 |    50 |    17 |     9 ||    86
Dodge: Dodged            |    66 |    97 |    75 |    40 ||   278
Block: Kite shield       |       |       |       |    16 ||    16

Table legend:
 A = Non-vault XP
 B = Vault XP
 C = Vault XP percentage of total XP
 D = Non-vault monster count
 E = Vault monster count
 F = Vault count percentage of total count
                 A         B        C        D         E       F
            +---------+---------+-------+---------+---------+-------
      Total |    9090 |    2203 |  19.5 |     203 |      25 |  11.0
            +---------+---------+-------+---------+---------+-------
        D:1 |      44 |       0 |   0.0 |      25 |       0 |   0.0
        D:2 |      32 |       0 |   0.0 |      10 |       0 |   0.0
        D:3 |     177 |      62 |  25.9 |      29 |       7 |  19.4
        D:4 |     360 |       0 |   0.0 |      26 |       0 |   0.0
        D:5 |     391 |       0 |   0.0 |      12 |       0 |   0.0
        D:6 |     780 |    1037 |  57.1 |      16 |      11 |  40.7
        D:7 |    1198 |       0 |   0.0 |      22 |       0 |   0.0
        D:8 |    2392 |       0 |   0.0 |      21 |       0 |   0.0
        D:9 |    3716 |    1104 |  22.9 |      42 |       7 |  14.3
            +---------+---------+-------+---------+---------+-------
